 Dungeon Crawl Stone Soup version 0.26-a0-1147-g3780a7a11b (webtiles) character file.

Game seed: 10083412152597049593

22509 sokol815 the Carver (level 13, -14/81 HPs)
             Began as an Octopode Delver on Dec 23, 2020.
             Was an Initiate of Gozag.
             Demolished by a komodo dragon (29 damage)
             ... on level 4 of the Lair of Beasts.
             The game lasted 00:58:51 (21128 turns).

sokol815 the Carver (Octopode Delver)              Turns: 21128, Time: 00:58:52

Health: -14/81     AC:  1    Str: 11    XL:     13   Next: 0%
Magic:  17/26      EV: 21    Int:  9    God:    Gozag
Gold:   571        SH:  0    Dex: 20    Spells: 5/18 levels left

rFire    + + .     SeeInvis +   a - +3 falchion (holy)
rCold    + . .     Faith    .   (no shield)
rNeg     + . .     Spirit   .   (helmet restricted)
rPois    +         Reflect  .   R - amulet of the acrobat
rElec    .         Harm     .   g - ring of protection from cold {rC+, !d}
rCorr    +         Rampage  .   j - ring of the Ban {rF+ rN+ MP+9 Int-5 Dex+3}
Will     .....                  F - ring of resist corrosion
Stlth    ++++++....             p - ring of see invisible {sInv, !d}
HPRegen  0.23/turn              n - ring of protection from fire {rF+, !d}
MPRegen  0.20/turn              X - ring "Umyx Nur" {rPois EV+4}
                                (no ring)
                                (no ring)

@: confusing touch, gold aura
A: almost no armour, stealthy swim, amphibious, 8 rings, constrict 8, camouflage
1, gelatinous body 1
a: Renounce Religion, Potion Petition, Call Merchant, Bribe Branch


You were on level 4 of the Lair of Beasts.
You worshipped Gozag.
Gozag was pleased with you.
You visited 3 branches of the dungeon, and saw 16 of its levels.

You collected 2943 gold pieces.
You spent 1567 gold pieces at shops.
You paid 805 gold pieces to Gozag.

Inventory:

Hand Weapons
 a - a +3 falchion of holy wrath (weapon)
   (You found it on level 3 of the Dungeon)
 b - a +1 vampiric dagger
   (You took it off a kobold on level 10 of the Dungeon)
 H - a +2 morningstar of holy wrath
   (You took it off a gargoyle on level 10 of the Dungeon)
 O - a +3 great sword
   (You took it off a wight on level 9 of the Dungeon)
 P - a +0 scimitar
   (You found it on level 10 of the Dungeon)
 Y - the +8 glaive of Law {venom, +Rage Stlth+}
   (You found it on level 1 of the Lair of Beasts)

   It poisons the flesh of those it strikes.
   It lets you go berserk.
   It makes you more stealthy.
Missiles
 k - 42 poisoned darts
 q - 459 stones
 A - 2 throwing nets {=f, !d}
 G - 3 javelins {=f}
 U - 13 boomerangs
Armour
 y - a +2 tower shield
   (You found it on level 3 of the Lair of Beasts)
Magical Staves
 z - an uncursed staff of cold {rC+}
   (You found it on level 3 of the Lair of Beasts)
Jewellery
 g - a ring of protection from cold (left tentacle) {rC+, !d}
   (You found it on level 5 of the Dungeon)
 j - the ring of the Ban (right tentacle) {rF+ rN+ MP+9 Int-5 Dex+3}
   (You found it on level 4 of the Dungeon)

   [ring of protection from fire]

   It affects your intelligence (-5).
   It affects your dexterity (+3).
   It protects you from fire.
   It protects you from negative energy.
   It affects your magic capacity (+9).
 n - a ring of protection from fire (on tentacle) {rF+, !d}
   (You bought it in a shop on level 5 of the Dungeon)
 p - a ring of see invisible (on tentacle) {sInv, !d}
   (You bought it in a shop on level 5 of the Dungeon)
 t - an uncursed amulet of reflection
   (You found it on level 2 of the Dungeon)
 v - an uncursed amulet of guardian spirit {Spirit}
   (You found it on level 2 of the Dungeon)
 F - a ring of resist corrosion (on tentacle)
   (You found it on level 2 of the Lair of Beasts)
 R - an amulet of the acrobat (around mantle)
   (You found it on level 10 of the Dungeon)
 T - an uncursed ring of ice {rC+, rF-}
   (You found it on level 10 of the Dungeon)
 X - the ring "Umyx Nur" (on tentacle) {rPois EV+4}
   (You bought it in a shop on level 10 of the Dungeon)

   [ring of evasion]

   It affects your evasion (+4).
   It protects you from poison.
Wands
 f - a wand of digging (3)
 L - a wand of random effects (8)
   (You found it on level 7 of the Dungeon)
 M - a wand of flame (23)
   (You took it off an orc on level 8 of the Dungeon)
 N - a wand of polymorph (11)
   (You found it on level 8 of the Dungeon)
 V - a wand of acid (4)
   (You took it off an orc on level 11 of the Dungeon)
 W - a wand of paralysis (7)
   (You found it on level 11 of the Dungeon)
Scrolls
 c - 4 scrolls of magic mapping {!r}
 d - 3 scrolls of fear
 h - 4 scrolls of fog
 m - 4 scrolls of enchant armour
 o - 8 scrolls of teleportation
 s - 10 scrolls of remove curse
 u - 4 scrolls of amnesia
 w - a scroll of brand weapon {unknown}
 D - 3 scrolls of immolation {!r}
 E - 3 scrolls of summoning
 J - 2 scrolls of torment {!r}
 K - a scroll of blinking {unknown}
Potions
 e - 3 potions of haste
 i - a potion of attraction {unknown}
 l - 9 potions of curing
 x - a potion of magic
 B - 2 potions of flight
 C - 2 potions of berserk rage {!q}
 I - a potion of resistance
 Q - a potion of brilliance
Miscellaneous
 Z - a tin of tremorstones (2/2)
   (You found it on level 3 of the Lair of Beasts)


   Skills:
 - Level 5.2 Fighting
 - Level 3.4(10.0) Short Blades
 - Level 14.0(14.1) Long Blades
 - Level 5.6 Dodging
 - Level 10.4 Stealth
 - Level 4.1 Shields
 - Level 3.0 Spellcasting
 + Level 7.1 Conjurations
 - Level 8.0 Hexes
 + Level 2.8 Transmutations
 + Level 2.7 Earth Magic


You had 5 spell levels left.
You knew the following spells:

 Your Spells              Type           Power        Failure   Level
a - Confusing Touch       Hex            15%          3%          3
b - Tukima's Dance        Hex            15%          3%          3
c - Dazzling Flash        Conj/Hex       28%          4%          3
d - Petrify               Tmut/Erth      6%           67%         4

Your spell library contained the following spells:

 Spells                   Type           Power        Failure   Level
 Corona                   Hex            16%          1%          1
 Foxfire                  Conj/Fire      28%          7%          1
 Ensorcelled Hibernation  Hex/Ice        16%          9%          2
 Animate Skeleton         Necr           2%           30%         1
 Pain                     Necr           4%           30%         1
 Iskenderun's Battlesphe  Conj           14%          41%         5
 Gell's Gravitas          Tloc           0%           65%         3
 Vampiric Draining        Necr           0%           65%         3
 Yara's Violent Unravell  Hex/Tmut       5%           67%         5
 Metabolic Englaciation   Hex/Ice        4%           85%         5
 Summon Mana Viper        Hex/Summ       8%           85%         5
 Animate Dead             Necr           0%           96%         4
 Agony                    Necr           1%           100%        5
 Freezing Cloud           Conj/Ice/Air   2%           100%        6
 Starburst                Conj/Fire      3%           100%        6


Dungeon Overview and Level Annotations

Branches:
Dungeon (11/15)            Temple (1/1) D:5            Lair (4/6) D:10
  Snake (0/4) Lair:2          Orc (0/2) D:11
  Swamp: Lair:2-4    Shoals: Lair:2-4

Altars:
Ashenzari
Cheibriados
Dithmenos
Elyvilon
Fedhas
Gozag
Hepliaklqana
Kikubaaqudgha
Makhleb
Nemelex Xobeh
Okawaru
Qazlal
Ru
Sif Muna
Trog
Uskayaw
Vehumet
Wu Jian
Xom
Yredelemnul
Zin
The Shining One

Shops:
D:5 =   D:6 ?(   D:8 *   D:10 =

Annotations:
D:9 2 transporters, Anias's ghost, journeyman OpFi
D:11 2 transporters, Pooter's ghost, journeyman MiFi
Lair:3 1 runed translucent door, exclusion: hydra


Innate Abilities, Weirdness & Mutations

You cannot wear most types of armour.
You are very stealthy in the water. (Stealth+)
You are amphibious.
You can wear up to eight rings at the same time.
You can use your tentacles to constrict eight enemies at once.
Your skin changes colour to match your surroundings (Stealth+).
Your rubbery body absorbs attacks. (AC +1, EV +1)


Message History

The blink frog is dazzled.
The blink frog barely misses you.
You riposte.
You barely miss the blink frog. You grab the blink frog.
You squeeze the blink frog.
The blink frog blinks free!
You now have 22/25 mp.
You closely miss the blink frog. Your grab misses the blink frog.
The blink frog becomes distracted by the nearby gold, dreaming of imaginary riches.
You catch the helpless blink frog completely off-guard!
You hit the blink frog.
The blink frog gives a loud, deep croak!
Your grab misses the blink frog. The blink frog closely misses you.
You riposte.
You catch the helpless blink frog completely off-guard!
You hit the blink frog. Your grab misses the blink frog.
The blink frog becomes distracted by the nearby gold, dreaming of imaginary riches.
A wyvern comes into view.
You strike the helpless blink frog from behind!
You hit the blink frog.
The blink frog croaks.
You grab the blink frog.
You constrict the blink frog, but do no damage.
A wyvern comes into view.
The blink frog closely misses you.
The wyvern hisses angrily.
You hit the blink frog. You constrict the blink frog.
The blink frog becomes distracted by the nearby gold, dreaming of imaginary riches.
The blink frog gives a loud, deep croak!
You hit the blink frog.
The blink frog is no longer distracted by gold.
You constrict the blink frog. The blink frog closely misses you.
You riposte.
You catch the helpless blink frog completely off-guard!
You slash the blink frog!
You kill the blink frog!
Your Shields skill increases to level 4!
You have reached level 13!
You regained 3 hp, and now have 67/81 hp.
You see here 9 gold pieces.
The blink frog is no longer distracted by gold.
The blink frog blinks!
You can't see any susceptible monsters within range! (Use Z to cast anyway.)
The wyvern is dazzled.
You now have 21/26 mp.
The blink frog croaks.
You hit the wyvern. The wyvern closely misses you. The wyvern bites you!
You take 10 damage, and have 59/81 hp.
You catch the helpless wyvern completely off-guard!
You hit the wyvern. The wyvern completely misses you.
You riposte.
The blink frog croaks.
You hit the wyvern.
The blink frog blinks!
The wyvern bites you!
You take 16 damage, and have 43/81 hp.
You hit the wyvern. The wyvern misses you. The wyvern bites you!
You take 15 damage, and have 28/81 hp.
As you read the scroll of teleportation, it crumbles to dust.
You feel strangely unstable. The wyvern completely misses you.
You riposte.
You catch the helpless wyvern completely off-guard!
You hit the wyvern. The wyvern bites you.
You take 2 damage, and have 26/81 hp.
A blink frog comes into view.
The wyvern is no longer blind.
The blink frog completely misses you. The blink frog closely misses you.
You riposte.
The blink frog croaks.
You hit the blink frog. Your grab misses the blink frog.
The wyvern barely misses you. The wyvern completely misses you.
You riposte.
You hit the wyvern.
The blink frog blinks!
The blink frog blinks!
The blink frog completely misses you.
You riposte.
You slash the blink frog! You grab the blink frog.
You release your grip on the blink frog.
Your surroundings suddenly seem different.
You start resting.
Health restored: 81; MP restored: 26
There is a stone staircase leading up here.
e - 3 potions of haste (gained 1)
A bullfrog comes into view.
A komodo dragon comes into view.
Your +3 falchion of holy wrath stops glowing.
You feel a sense of dread.
b - a +1 vampiric dagger (weapon)
The helpless bullfrog fails to defend itself.
You perforate the bullfrog like a sieve!!!!
You kill the bullfrog!
The komodo dragon hisses angrily.
You hit the komodo dragon.
You feel the dreadful sensation subside.
Your +3 falchion of holy wrath softly glows with a divine radiance!
a - a +3 falchion of holy wrath (weapon)
The komodo dragon bites you!!
You take 25 damage, and have 56/81 hp.
MASSIVE DAMAGE!!
Your tentacles begin to glow red.
The komodo dragon bites you!!
* * * LOW HITPOINT WARNING * * *
You take 33 damage, and have 23/81 hp.
MASSIVE DAMAGE!!
You now have 23/26 mp.
Your tentacles begin to glow brighter.
The komodo dragon bites you!
* * * LOW HITPOINT WARNING * * *
You take 8 damage, and have 15/81 hp.
You now have 20/26 mp.
Unknown command.
Your tentacles begin to glow brighter.
The komodo dragon bites you!!
You die...
Your body crumbles into a pile of gold.

## ######
##.##.#.P
#.......###
###P........##
#..........?.#
#............#
.P....l......#
.......@....#
..#........##
##......$#
#.......#
#.##.#...## #.
## #####..####
P..
##..#P###....
#.#......... .
####....#.#...


You could see a komodo dragon.

Vanquished Creatures
  A hydra (D:11)
  A two-headed ogre (D:11)
  2 cyclopes
  A black mamba (Lair:3)
  A gargoyle (D:10)
  8 cane toads
  A rime drake (Lair:4)
  3 komodo dragons
  2 polar bears
  A hornet (D:9)
  2 blink frogs (Lair:4)
  16 yaks
  A wyvern (Lair:4)
  2 basilisks (Lair:2)
  Menkaure (D:7)
  A steam dragon (Lair:4)
  3 nagas (Lair:2)
  8 water moccasins
  4 orc warriors
  5 ice beasts
  5 sky beasts
  4 black bears
  6 ogres
  9 centaurs
  5 wolves (Lair:1)
  2 big kobolds (D:10)
  14 bullfrogs
  5 scorpions
  A wyvern skeleton (D:11)
  6 wights
  5 jellies
  5 centaur skeletons
  3 hounds
  3 orc priests
  5 orc wizards
  5 bullfrog skeletons
  9 worker ants
  An iguana (D:9)
  A killer bee zombie (D:10)
  A hound skeleton (D:6)
  2 worker ant zombies
  Robin (D:3)
  A howler monkey skeleton (D:9)
  9 adders
  3 shadow imps
  3 white imps
  3 ufetubi
  An ooze (D:5)
  An adder skeleton (D:4)
  5 worms
  3 dart slugs
  6 leopard geckos
  39 orcs
  2 giant cockroaches
  12 goblins
  9 hobgoblins
  10 jackals
  4 quokkas
  A ball python (D:3)
  9 bats
  3 frilled lizards
  A giant cockroach zombie (D:6)
  A jackal skeleton (D:9)
  A jackal zombie (D:5)
  10 kobolds
  A leopard gecko skeleton (D:4)
  A quokka skeleton (D:4)
  A quokka zombie (D:7)
  11 rats
313 creatures vanquished.

Vanquished Creatures (others)
  7 dancing weapons
  An orc priest (D:11)
  18 fungi
  25 plants
51 creatures vanquished.

Grand Total: 364 creatures vanquished

Notes
Turn   | Place    | Note
-------+----------+-------------------------------------------
     0 | D:5      | sokol815 the Octopode Delver began the quest for the Orb.
     0 | D:5      | Reached XP level 1. HP: 16/16 MP: 1/1
   358 | D:4      | Noticed a worker ant
   452 | D:4      | Got a translucent jade ring
   453 | D:4      | Identified the ring of the Ban {rF+ rN+ MP+9 Int-5 Dex+3}
                  | (You found it on level 4 of the Dungeon)
   539 | D:3      | Reached XP level 2. HP: 19/21 MP: 2/2
   642 | D:1      | Reached skill level 3 in Long Blades
   873 | D:1      | Reached XP level 3. HP: 26/26 MP: 3/3
  1569 | D:2      | Found a stormy altar of Qazlal.
  1621 | D:2      | Reached skill level 4 in Long Blades
  2051 | D:2      | Reached XP level 4. HP: 31/31 MP: 4/4
  2102 | D:2      | Found a faded altar of an unknown god.
  2309 | D:3      | Noticed Robin
  2566 | D:3      | Killed Robin
  3210 | D:3      | Reached skill level 5 in Long Blades
  3304 | D:3      | Reached XP level 5. HP: 36/36 MP: 5/5
  3700 | D:4      | Found a shimmering blue altar of Sif Muna.
  3780 | D:4      | Found a broken altar of Ashenzari.
  4185 | D:5      | Found a staircase to the Ecumenical Temple.
  4270 | Temple   | Entered the Ecumenical Temple
  4398 | Temple   | Became a worshipper of Gozag Ym Sagoz the Greedy
  4415 | D:5      | Noticed an ogre
  4432 | D:5      | Killed an ogre
  4433 | D:5      | Reached skill level 6 in Long Blades
  4433 | D:5      | Reached XP level 6. HP: 18/42 MP: 6/6
  4663 | D:5      | Reached skill level 7 in Long Blades
  4794 | D:5      | Found a snail-covered altar of Cheibriados.
  4826 | D:5      | Noticed a sky beast
  4853 | D:5      | Killed a sky beast
  4854 | D:5      | Reached XP level 7. HP: 37/46 MP: 7/7
  5034 | D:5      | Found Ledih's Jewellery Shop.
  5049 | D:5      | Reached skill level 8 in Long Blades
  5740 | D:5      | Bought an uncursed ring of poison resistance for 260 gold
                  | pieces
  5919 | D:6      | Found Jalos's Magic Scroll Emporium.
  5927 | D:6      | Bought a scroll of remove curse for 30 gold pieces
  5931 | D:6      | Bought a scroll of noise for 10 gold pieces
  6096 | D:6      | Reached skill level 9 in Long Blades
  6096 | D:6      | Reached XP level 8. HP: 18/52 MP: 8/8
  6552 | D:6      | Found Ziutas's Antique Weapon Shop.
  6557 | D:6      | Found a hazy altar of Hepliaklqana.
  6559 | D:6      | Bought a long sword for 87 gold pieces
  6752 | D:6      | Found a shadowy altar of Dithmenos.
  7009 | D:7      | Noticed Menkaure
  7017 | D:7      | HP: 11/52 [centaur/arrow (8)]
  7019 | D:7      | Killed Menkaure
  7020 | D:7      | Reached skill level 10 in Long Blades
  7573 | D:7      | Found a sparkling altar of Nemelex Xobeh.
  7670 | D:7      | Reached skill level 11 in Long Blades
  8132 | D:8      | Found Gozag's Platinum Reserve.
  8142 | D:8      | Found an opulent altar of Gozag.
  8174 | D:8      | Reached XP level 9. HP: 53/56 MP: 9/9
  8382 | D:8      | HP: 9/51 [orc warrior/+1 mace of draining (10)]
  9254 | D:9      | Reached skill level 12 in Long Blades
  9497 | D:9      | Learned a level 3 spell: Confusing Touch
  9501 | D:9      | Learned a level 3 spell: Tukima's Dance
  9523 | D:9      | Noticed Anias's ghost (journeyman OpFi)
  9551 | D:9      | Found a transporter.
  9556 | D:9      | Found a transporter.
  9675 | D:9      | Reached skill level 1 in Hexes
  9681 | D:9      | Reached skill level 2 in Hexes
  9971 | D:9      | Reached skill level 3 in Hexes
 10005 | D:9      | Noticed a hornet
 10009 | D:9      | Killed a hornet
 10126 | D:9      | Reached skill level 4 in Hexes
 10528 | D:10     | Entered Level 10 of the Dungeon
 10549 | D:10     | Reached skill level 7 in Stealth
 10549 | D:10     | Reached skill level 5 in Hexes
 10549 | D:10     | Reached XP level 10. HP: 31/63 MP: 10/10
 11411 | D:10     | Reached skill level 8 in Stealth
 11434 | D:10     | Reached skill level 6 in Hexes
 11752 | D:10     | HP: 10/63 [komodo dragon (23)]
 12202 | D:10     | Noticed a gargoyle
 12422 | D:10     | Noticed a cyclops
 12532 | D:11     | Noticed a six-headed hydra
 13039 | D:5      | Reached skill level 1 in Spellcasting
 13254 | D:5      | Reached skill level 5 in Fighting
 13254 | D:5      | Reached skill level 14 in Long Blades
 13254 | D:5      | Reached skill level 4 in Dodging
 13254 | D:5      | Reached skill level 10 in Stealth
 13254 | D:5      | Reached XP level 11. HP: 72/72 MP: 12/12
 13399 | D:5      | Identified a scroll of acquirement
 13399 | D:5      | Acquired Sif Muna's Handbook of Confrontation and
                  | Execration
 13405 | D:5      | Learned a level 3 spell: Dazzling Flash
 13426 | D:5      | Bought an uncursed ring of protection from fire for 325
                  | gold pieces
 13426 | D:5      | Bought an uncursed ring of see invisible for 195 gold
                  | pieces
 13581 | D:10     | Reached skill level 1 in Conjurations
 13628 | D:10     | Killed a cyclops
 13675 | D:10     | Reached skill level 2 in Conjurations
 14191 | D:10     | Reached skill level 7 in Hexes
 14197 | D:10     | Reached skill level 2 in Spellcasting
 14257 | D:10     | Found a staircase to the Lair.
 14309 | D:11     | Found a transporter.
 14309 | D:11     | Noticed Pooter's ghost (journeyman MiFi)
 14641 | D:11     | Reached skill level 3 in Conjurations
 14662 | D:11     | Reached skill level 1 in Short Blades
 14841 | D:11     | Found a transporter.
 14974 | D:11     | Killed a six-headed hydra
 14975 | D:11     | Reached skill level 4 in Conjurations
 14975 | D:11     | Reached XP level 12. HP: 39/77 MP: 16/16
 15030 | D:11     | Noticed a two-headed ogre
 15259 | D:11     | Killed a two-headed ogre
 15808 | D:11     | Reached skill level 3 in Spellcasting
 15830 | D:11     | Found a staircase to the Orcish Mines.
 15973 | D:11     | HP: 18/77 [acid (11)]
 16140 | D:11     | Reached skill level 2 in Short Blades
 16155 | D:11     | Reached skill level 8 in Hexes
 16301 | Lair:1   | Entered Level 1 of the Lair of Beasts
 16351 | Lair:1   | HP: 27/115 [wolf (7)]
 16357 | Lair:1   | HP: 19/115 [wolf (5)]
 16368 | Lair:1   | Reached skill level 5 in Conjurations
 17004 | Lair:1   | Reached skill level 3 in Short Blades
 17061 | Lair:1   | Got an ancient glaive
 17062 | Lair:1   | Identified the +8 glaive of Law {venom, +Rage Stlth+} (You
                  | found it on level 1 of the Lair of Beasts)
 17101 | Lair:1   | Learned a level 4 spell: Petrify
 17404 | D:10     | Bought the ring "Umyx Nur" {rPois EV+4} for 660 gold pieces
 17455 | Lair:2   | Found a staircase to the Snake Pit.
 17560 | Lair:2   | Reached skill level 1 in Transmutations
 17560 | Lair:2   | Reached skill level 1 in Earth Magic
 17564 | Lair:2   | Reached skill level 6 in Conjurations
 17608 | Lair:2   | Reached skill level 5 in Dodging
 17626 | Lair:2   | HP: 13/77 [cane toad (25)]
 18069 | Lair:2   | Reached skill level 2 in Transmutations
 18169 | Lair:2   | Reached skill level 2 in Earth Magic
 18953 | Lair:3   | Reached skill level 7 in Conjurations
 19355 | Lair:3   | Found a runed translucent door.
 19746 | Lair:3   | Noticed an eight-headed hydra
 19767 | Lair:4   | HP: 18/77 [wyvern (15)]
 20119 | Lair:4   | Reached skill level 1 in Shields
 20138 | Lair:4   | Reached skill level 2 in Shields
 20596 | Lair:4   | Reached skill level 3 in Shields
 20847 | Lair:4   | Reached skill level 4 in Shields
 20847 | Lair:4   | Reached XP level 13. HP: 67/81 MP: 17/17
 21127 | Lair:4   | HP: 15/81 [komodo dragon (8)]
 21128 | Lair:4   | Demolished by a komodo dragon

Illustrated notes

Levels and vault maps discovered:
D:1:      saegor_arrival_simple_b, layout_basic, minmay_strange_pillars,
          minmay_tromino_v4_a
D:2:      layout_basic, nicolae_qazlal_general_emergency,
          chequers_ecumenical_altar_island, minmay_cupped
D:3:      layout_loops_ring, uniq_robin
D:4:      layout_gridville, minitemple
D:5:      layout_loops_ring, temple_fountains, serial_shops, shop, basic_altar
D:6:      layout_cave_pools, nicolae_overflow_hidden_temple,
          kennysheep_mini_moat, serial_shops, nicolae_shop_stone, shop
D:7:      layout_basic, nemelex_altar_shiori, serial_rivers,
          chequers_serial_rivers_marsh, chequers_serial_rivers_small_3,
          chequers_serial_rivers_micro_d, chequers_serial_rivers_micro_a,
          minmay_manual_mares, uniq_menkaure
D:8:      layout_basic, nicolae_gozag_zags_fifth_avenue
D:9:      layout_loops_ring, gammafunk_ghost_arena
D:10:     layout_roguey, grunt_lair_entry_orc_guard_hut,
          kennysheep_generic_room_7
D:11:     layout_loops_corners, orc_0_dummy, gammafunk_ghost_mausoleum
Temple:   regret_index_temple_sphere_string
Lair:1:   layout_loops_ring
Lair:2:   layout_hall_layers, guppyfry_snake_entry_garden, serial_bayou_shore_b,
          grunt_megastairs_3
Lair:3:   layout_small_grid, pf_torpor_hydra
Lair:4:   layout_cave_pods, minmay_shoals_entry_centaurs, grunt_megastairs_4,
          minmay_lair_oklob_chamber

Skill      XL: |  1  2  3  4  5  6  7  8  9 10 11 12 |
---------------+-------------------------------------+-----
Long Blades    | 3 4 5 6 7 9 11 12 14 | 14.0
Hexes          | 5 6 7 8 |  8.0
Stealth        | 7 10 | 10.4
Spellcasting   | 1 2 3 |  3.0
Fighting       | 5 |  5.2
Dodging        | 4 5 |  5.6
Conjurations   | 4 7 |  7.1
Short Blades   | 1 3 |  3.4
Transmutations | 2 |  2.8
Earth Magic    | 2 |  2.7
Shields        | 4 |  4.1

Action                   |  1- 3 |  4- 6 |  7- 9 | 10-12 | 13-15 || total
-------------------------+-------+-------+-------+-------+-------++-------
Melee: Falchion          |    67 |   104 |   245 |   307 |     3 ||   726
       Constrict         |    26 |    29 |    39 |    63 |     1 ||   158
       Tentacles         |    15 |    22 |    85 |   138 |       ||   260
       Dagger            |       |       |     6 |   180 |     2 ||   188
       Great sword       |       |       |       |     5 |       ||     5
Throw: Stone             |    10 |       |       |    18 |       ||    28
       Dart              |     3 |    10 |       |    10 |       ||    23
       Javelin           |       |       |       |     3 |       ||     3
 Cast: Tukima's Dance    |       |       |       |    26 |       ||    26
       Dazzling Flash    |       |       |       |    42 |     1 ||    43
       Confusing Touch   |       |       |       |       |     3 ||     3
Invok: Call Merchant     |       |       |       |     1 |       ||     1
Evoke: Wand              |       |       |     3 |    13 |       ||    16
  Use: Potion            |     1 |       |     1 |    10 |       ||    12
       Scroll            |     2 |     4 |     5 |    14 |     1 ||    26
 Stab: Sleeping          |    15 |     9 |    24 |    29 |     1 ||    78
       Distracted        |     1 |     2 |     1 |     4 |       ||     8
       Invisible         |       |       |       |    29 |     2 ||    31
       Paralysed         |       |       |       |     1 |       ||     1
Armor: Skin              |     4 |     5 |     3 |   113 |       ||   125
Dodge: Dodged            |    42 |    71 |   106 |   189 |     9 ||   417
Block: Other             |       |       |     4 |    64 |       ||    68
       Reflection        |       |       |       |     2 |       ||     2
       Tower shield      |       |       |       |     9 |       ||     9
       Rpst.: Falchion   |    12 |    27 |    32 |    41 |     5 ||   117

Table legend: (Time is in decaauts)
 A = Elapsed time spent in this place.
 B = Non-inter-level travel time spent in this place.
 C = Inter-level travel time spent in this place.
 D = Time resting spent in this place.
 E = Time spent auto-exploring this place.
 F = Levels seen in this place.
 G = Mean time per level.
                   A        B        C        D        E       F      G
               +--------+--------+--------+--------+--------+-----+--------+
         Total |  20859 |  19899 |    960 |   6684 |  10034 |  16 | 1303.7 |
       Dungeon |  16033 |  15210 |    823 |   5001 |   7764 |  11 | 1457.5 |
        Temple |    138 |    119 |     19 |      0 |    118 |   1 |  138.0 |
          Lair |   4687 |   4569 |    118 |   1682 |   2152 |   4 | 1171.8 |
               +--------+--------+--------+--------+--------+-----+--------+

Top non-repeatable levels by time:
    D:10: 2203 daAuts
     D:5: 1939 daAuts
     D:7: 1869 daAuts
     D:9: 1869 daAuts
    D:11: 1761 daAuts
  Lair:2: 1620 daAuts
  Lair:3: 1229 daAuts
     D:4: 1215 daAuts
     D:8: 1159 daAuts
     D:2: 1099 daAuts
     D:6: 1082 daAuts
  Lair:1: 1079 daAuts
     D:1: 919 daAuts
     D:3: 912 daAuts
  Lair:4: 757 daAuts

Table legend:
 A = Kills in this place as a percentage of kills in entire the game.
 B = Kills by you in this place as a percentage of kills by you in the entire game.
 C = Kills by friends in this place as a percentage of kills by friends in the entire game.
 D = Other kills in this place as a percentage of other kills in the entire game.
 E = Experience gained in this place as a percentage of experience gained in the entire game.
 F = Experience gained in this place divided by the number of levels of this place that you have seen.
                   A       B       C       D       E      F
               +-------+-------+-------+-------+-------+----------------------
         Total | 100.0 | 100.0 |   N/A |   N/A | 100.0 | 1572.7
       Dungeon |  82.7 |  82.7 |   N/A |   N/A |  54.6 | 1248.5
          Lair |  17.3 |  17.3 |   N/A |   N/A |  45.4 | 2857.2
               +-------+-------+-------+-------+-------+----------------------
